Connexion

NEW YORK Rangers vs EDMONTON Oilers

Created - 31 octobre 2023 at 08:05

Goals
1 2 3 T
NEW YORK Rangers 1 0 0 1
EDMONTON Oilers 1 1 0 2
Shots
1 2 3 T
NEW YORK Rangers 16 12 6 34
EDMONTON Oilers 9 8 3 20

GoalsPenalties
1st period
1. EDMONTON Oilers , Nico Hischier 11 (Mitch Marner 13) at 7:43 (PP)
2. NEW YORK Rangers , Ryan Strome 10 (Taylor Hall 19, Cody Goloubef 10) at 18:31
Jon Merrill (NYR) for Roughing (Double Minor) at 6:34
Oliver Ekman-Larsson (EDM) for Goalie Interference (Minor) at 18:53
2nd period
3. EDMONTON Oilers , Roman Josi 12 (Ryan O'Reilly 20, Tony DeAngelo 24) at 2:31 (PP)
Ryan Strome (NYR) for Holding (Minor) at 0:54
Roman Josi (EDM) for Holding (Minor) at 7:12
Logan Stanley (NYR) for Boarding (Major) at 9:15
Alexander Romanov (EDM) for Hooking (Minor) at 16:56
3rd period
No Goal
No Penalty
Goalie Stats
Semyon Varlamov (NYR), 18 saves from 20 shots - (0,900), L, 9-6-0, 59:05 minutes
Juuse Saros (EDM), 33 saves from 34 shots - (0,971), W, 17-7-4, 60:00 minutes
3 StarsOfficial
1 - Juuse Saros (EDM)
2 - Nico Hischier (EDM)
3 - Mitch Marner (EDM)
Referees : Don Koharski and Paul Devorski
Linesman : Scott Driscoll and Derek Amell
Game Note
No Game Note
Finance
Level 1 -- Attendance: 6000 (100,00%) -- Ticket Income 720 000 $
Level 2 -- Attendance: 3839 (100,00%) -- Ticket Income 391 578 $
Level 3 -- Attendance: 1962 (98,10%) -- Ticket Income 100 062 $
Level 4 -- Attendance: 3410 (85,25%) -- Ticket Income 136 400 $
Luxury Box -- Attendance: 1000 (100,00%) -- Ticket Income 240 000 $
Game was played at the Rexall Place.
Total Attendance: 16211 (96,27%)
Total Ticket Income: 1 588 040 $
Other Income: 317 608 $
Total Income: 1 905 648 $



Team Name Goals Shots Shots Attemp Shots Blocked PIM HIT PP PK FO%
NEW YORK Rangers 13474511180 / 3 (0%)253%
EDMONTON Oilers 22044116162 / 4 (50%)047%

NEW YORK Rangers
Player Name POS G A P +/- PIM HIT SHT SB MP PP MP PP SHT PK MP PK SHT FO% FOT
Cody GoloubefD0111020015:090:0001:0800% 0
Jakob ChychrunD0000011325:022:5015:0300% 0
Jesse PuljujarviRW0000010010:550:0000:0000% 2
John MooreD0000020020:173:0704:0700% 0
Jon MerrillD0000404118:573:0722:4200% 0
Kieffer BellowsLW0000011011:390:0000:440100% 1
Logan CoutureC/LW0000023021:113:0015:25133% 3
Logan StanleyD0001530016:310:0001:2500% 0
Nolan PatrickC0000013015:463:0010:00068% 22
Ryan StromeC/RW1011214018:112:5700:34054% 24
Taylor HallC/LW0111002023:132:5715:35054% 13
Torey KrugD0000013124:022:5025:0300% 0
Travis KonecnyC/LW/RW0001026020:392:5733:01025% 4
Trevor MooreC/LW/RW0000002010:550:0000:00040% 10
Ty DellandreaC000001005:570:0000:00050% 6
Tyler EnnisC/LW000000007:050:0001:080100% 1
Vasili PodkolzinRW000000205:570:0000:0000% 0
Zach HymanC/LW/RW0000003018:473:0013:0100% 0
EDMONTON Oilers
Player Name POS G A P +/- PIM HIT SHT SB MP PP MP PP SHT PK MP PK SHT FO% FOT
Alexander RomanovD0000210116:110:5501:4200% 0
Anthony CirelliC000-1010115:350:0004:14048% 25
Arthur KaliyevRW000-1011011:360:5500:0000% 0
Casey CizikasC000000015:450:5500:00060% 5
Clayton KellerC/LW/RW0000022020:234:1711:1300% 0
Dylan StromeC000-1001011:510:0000:30050% 4
Jack QuinnRW0000021017:474:3200:000100% 1
Jonas SiegenthalerD000-1010017:520:5502:0800% 0
Mackenzie EntwistleRW000000005:450:5500:0000% 2
Mitch MarnerRW0110031019:254:3210:00033% 3
Nico HischierC1010012120:384:3221:13042% 24
Nikolaj EhlersLW0000005022:164:1744:4400% 0
Oliver Ekman-LarssonD000-1221221:184:3211:5800% 0
Rasmus SandinD0000010218:074:3200:0000% 0
Roman Josi D1010201122:474:1712:3600% 0
Ryan O'ReillyC/LW0110003018:124:1710:00050% 22
Tony DeAngeloD0110012223:424:1713:3000% 0
Yegor SharangovichC/LW000000004:500:0000:0000% 0



Play-by-Play

1st period


0:01 of 1st period - Ryan Strome wins face-off versus Ryan O'Reilly in neutral zone.
0:04 of 1st period - Shot by Jakob Chychrun.
0:04 of 1st period - Shot Misses the Net.
0:46 of 1st period - Nikolaj Ehlers is hit by Travis Konecny and loses puck.
1:17 of 1st period - Shot by Nolan Patrick.
1:17 of 1st period - Shot Misses the Net.
1:27 of 1st period - Shot by Zach Hyman.
1:27 of 1st period - Shot Misses the Net.
1:29 of 1st period - Shot by John Moore.
1:29 of 1st period - Shot Blocked by Oliver Ekman-Larsson.
1:31 of 1st period - Shot by Jon Merrill.
1:31 of 1st period - Stopped by Juuse Saros without a rebound.
1:32 of 1st period - Anthony Cirelli wins face-off versus Jesse Puljujarvi in EDMONTON Oilers zone.
1:32 of 1st period - Anthony Cirelli is hit by Kieffer Bellows.
1:38 of 1st period - Shot by Alexander Romanov.
1:38 of 1st period - Shot Misses the Net.
1:41 of 1st period - Icing by Cody Goloubef.
1:42 of 1st period - Trevor Moore wins face-off versus Mackenzie Entwistle in NEW YORK Rangers zone.
3:07 of 1st period - Shot by Vasili Podkolzin.
3:07 of 1st period - Shot Hit the Post.
3:09 of 1st period - Shot by Vasili Podkolzin.
3:09 of 1st period - Stopped by Juuse Saros without a rebound.
3:10 of 1st period - Nolan Patrick wins face-off versus Anthony Cirelli in EDMONTON Oilers zone.
3:33 of 1st period - Arthur Kaliyev is hit by Logan Couture and loses puck.
3:43 of 1st period - Icing by Tony DeAngelo.
3:44 of 1st period - Ryan Strome wins face-off versus Anthony Cirelli in EDMONTON Oilers zone.
4:21 of 1st period - Icing by Nikolaj Ehlers.
4:22 of 1st period - Nolan Patrick wins face-off versus Ryan O'Reilly in EDMONTON Oilers zone.
4:43 of 1st period - Zach Hyman is hit by Oliver Ekman-Larsson and loses puck.
4:52 of 1st period - Shot by Ryan O'Reilly.
4:52 of 1st period - Shot Misses the Net.
4:54 of 1st period - Shot by Nikolaj Ehlers.
4:54 of 1st period - Stopped by Semyon Varlamov without a rebound.
4:55 of 1st period - Nico Hischier wins face-off versus Trevor Moore in NEW YORK Rangers zone.
5:15 of 1st period - Icing by Logan Stanley.
5:16 of 1st period - Anthony Cirelli wins face-off versus Trevor Moore in NEW YORK Rangers zone.
5:25 of 1st period - Shot by Trevor Moore.
5:25 of 1st period - Stopped by Juuse Saros without a rebound.
5:26 of 1st period - Ryan Strome wins face-off versus Nico Hischier in EDMONTON Oilers zone.
5:49 of 1st period - Shot by Taylor Hall.
5:49 of 1st period - Shot Misses the Net.
5:51 of 1st period - Shot by Ryan Strome.
5:51 of 1st period - Shot Misses the Net.
5:53 of 1st period - Shot by Travis Konecny.
5:53 of 1st period - Shot Misses the Net.
6:09 of 1st period - Shot by Travis Konecny.
6:09 of 1st period - Shot Misses the Net.
6:11 of 1st period - Shot by Travis Konecny.
6:11 of 1st period - Stopped by Juuse Saros without a rebound.
6:12 of 1st period - Nolan Patrick wins face-off versus Ryan O'Reilly in EDMONTON Oilers zone.
6:12 of 1st period - Nolan Patrick is hit by Tony DeAngelo.
6:29 of 1st period - Nikolaj Ehlers is hit by John Moore and loses puck.
6:33 of 1st period - Jack Quinn is hit by John Moore and loses puck.
6:34 of 1st period - Double Minor Penalty to Jon Merrill for Roughing.
6:35 of 1st period - Taylor Hall wins face-off versus Nico Hischier in NEW YORK Rangers zone.
6:59 of 1st period - Icing by Nico Hischier.
7:00 of 1st period - Nico Hischier wins face-off versus Logan Couture in EDMONTON Oilers zone.
7:06 of 1st period - Off-side.
7:07 of 1st period - Ryan O'Reilly wins face-off versus Taylor Hall in neutral zone.
7:10 of 1st period - Shot by Nikolaj Ehlers.
7:10 of 1st period - Stopped by Semyon Varlamov without a rebound.
7:11 of 1st period - Ryan O'Reilly wins face-off versus Taylor Hall in NEW YORK Rangers zone.
7:11 of 1st period - Ryan O'Reilly is hit by Jakob Chychrun.
7:13 of 1st period - Shot by Roman Josi .
7:13 of 1st period - Deflect By Nikolaj Ehlers.
7:13 of 1st period - Shot Blocked by Jakob Chychrun.
7:15 of 1st period - Shot by Ryan O'Reilly.
7:15 of 1st period - Shot Misses the Net.
7:17 of 1st period - Shot by Ryan O'Reilly.
7:17 of 1st period - Shot Blocked by Jakob Chychrun.
7:23 of 1st period - Shot by Tony DeAngelo.
7:23 of 1st period - Shot Misses the Net.
7:25 of 1st period - Shot by Nikolaj Ehlers.
7:25 of 1st period - Stopped by Semyon Varlamov without a rebound.
7:26 of 1st period - Nico Hischier wins face-off versus Travis Konecny in NEW YORK Rangers zone.
7:43 of 1st period - Shot by Nico Hischier.
7:43 of 1st period - Goal by Nico Hischier - NEW YORK Rangers : 0 - EDMONTON Oilers : 1.
7:44 of 1st period - Ryan O'Reilly wins face-off versus Taylor Hall in neutral zone.
8:03 of 1st period - Shot by Nikolaj Ehlers.
8:03 of 1st period - Stopped by Semyon Varlamov with a rebound.
8:05 of 1st period - Shot by Ryan O'Reilly.
8:05 of 1st period - Shot Blocked by Jakob Chychrun.
8:07 of 1st period - Shot by Ryan O'Reilly.
8:07 of 1st period - Deflect By Nikolaj Ehlers.
8:07 of 1st period - Stopped by Semyon Varlamov with a rebound.
8:09 of 1st period - Shot by Roman Josi .
8:09 of 1st period - Shot Misses the Net.
8:11 of 1st period - Shot by Roman Josi .
8:11 of 1st period - Shot Misses the Net.
8:13 of 1st period - Shot by Tony DeAngelo.
8:13 of 1st period - Shot Misses the Net.
8:15 of 1st period - Shot by Ryan O'Reilly.
8:15 of 1st period - Stopped by Semyon Varlamov with a rebound.
8:17 of 1st period - Shot by Tony DeAngelo.
8:17 of 1st period - Stopped by Semyon Varlamov without a rebound.
8:18 of 1st period - Mitch Marner wins face-off versus Travis Konecny in NEW YORK Rangers zone.
8:34 of 1st period - Icing by Jack Quinn.
8:35 of 1st period - Taylor Hall wins face-off versus Mitch Marner in EDMONTON Oilers zone.
8:48 of 1st period - Shot by Logan Couture.
8:48 of 1st period - Stopped by Juuse Saros without a rebound.
8:49 of 1st period - Ryan O'Reilly wins face-off versus Travis Konecny in EDMONTON Oilers zone.
9:16 of 1st period - Shot by Clayton Keller.
9:16 of 1st period - Stopped by Semyon Varlamov without a rebound.
9:17 of 1st period - Taylor Hall wins face-off versus Nico Hischier in NEW YORK Rangers zone.
9:27 of 1st period - Icing by Oliver Ekman-Larsson.
9:28 of 1st period - Nico Hischier wins face-off versus Taylor Hall in EDMONTON Oilers zone.
9:33 of 1st period - Torey Krug is hit by Mitch Marner.
11:32 of 1st period - Shot by Taylor Hall.
11:32 of 1st period - Shot Blocked by Rasmus Sandin.
11:34 of 1st period - Shot by Travis Konecny.
11:34 of 1st period - Stopped by Juuse Saros without a rebound.
11:35 of 1st period - Nolan Patrick wins face-off versus Nico Hischier in EDMONTON Oilers zone.
11:46 of 1st period - Shot by Jon Merrill.
11:46 of 1st period - Stopped by Juuse Saros without a rebound.
11:47 of 1st period - Ty Dellandrea wins face-off versus Anthony Cirelli in EDMONTON Oilers zone.
13:12 of 1st period - Zach Hyman is hit by Jonas Siegenthaler and loses puck.
13:39 of 1st period - Shot by Taylor Hall.
13:39 of 1st period - Stopped by Juuse Saros with a rebound.
13:47 of 1st period - Shot by Ryan Strome.
13:47 of 1st period - Stopped by Juuse Saros with a rebound.
13:52 of 1st period - Icing by Ryan O'Reilly.
13:53 of 1st period - Ryan O'Reilly wins face-off versus Trevor Moore in EDMONTON Oilers zone.
14:02 of 1st period - Shot by Nikolaj Ehlers.
14:02 of 1st period - Shot Misses the Net.
15:20 of 1st period - Icing by Travis Konecny.
15:21 of 1st period - Casey Cizikas wins face-off versus Ryan Strome in NEW YORK Rangers zone.
15:32 of 1st period - Shot by Ryan Strome.
15:32 of 1st period - Shot Blocked by Oliver Ekman-Larsson.
15:56 of 1st period - Shot by Mackenzie Entwistle.
15:56 of 1st period - Shot Hit the Post.
16:17 of 1st period - Off-side.
16:18 of 1st period - Nico Hischier wins face-off versus Ty Dellandrea in neutral zone.
17:10 of 1st period - Icing by Jakob Chychrun.
17:11 of 1st period - Ryan O'Reilly wins face-off versus Trevor Moore in NEW YORK Rangers zone.
18:06 of 1st period - Icing by Alexander Romanov.
18:07 of 1st period - Jack Quinn wins face-off versus Ryan Strome in EDMONTON Oilers zone.
18:07 of 1st period - Jack Quinn is hit by Ryan Strome.
18:31 of 1st period - Shot by Ryan Strome.
18:31 of 1st period - Goal by Ryan Strome - NEW YORK Rangers : 1 - EDMONTON Oilers : 1.
18:32 of 1st period - Nolan Patrick wins face-off versus Nico Hischier in neutral zone.
18:48 of 1st period - Shot by Nolan Patrick.
18:48 of 1st period - Stopped by Juuse Saros without a rebound.
18:49 of 1st period - Ryan Strome wins face-off versus Anthony Cirelli in EDMONTON Oilers zone.
18:50 of 1st period - Shot by Travis Konecny.
18:50 of 1st period - Stopped by Juuse Saros without a rebound.
18:51 of 1st period - Nolan Patrick wins face-off versus Nico Hischier in EDMONTON Oilers zone.
18:53 of 1st period - Minor Penalty to Oliver Ekman-Larsson for Goalie Interference.
18:54 of 1st period - Ryan Strome wins face-off versus Anthony Cirelli in EDMONTON Oilers zone.
19:09 of 1st period - Shot by Travis Konecny.
19:09 of 1st period - Stopped by Juuse Saros with a rebound.
19:25 of 1st period - Shot by Travis Konecny.
19:25 of 1st period - Stopped by Juuse Saros without a rebound.
19:26 of 1st period - Nolan Patrick wins face-off versus Anthony Cirelli in EDMONTON Oilers zone.
19:35 of 1st period - Shot by Nolan Patrick.
19:35 of 1st period - Shot Misses the Net.
19:45 of 1st period - Shot by Jon Merrill.
19:45 of 1st period - Stopped by Juuse Saros without a rebound.
19:46 of 1st period - Ryan Strome wins face-off versus Anthony Cirelli in EDMONTON Oilers zone.
19:49 of 1st period - Shot by Torey Krug.
19:49 of 1st period - Deflect By Travis Konecny.
19:49 of 1st period - Stopped by Juuse Saros without a rebound.
19:50 of 1st period - Anthony Cirelli wins face-off versus Ryan Strome in EDMONTON Oilers zone.
Goals for this period are 1 for NEW YORK Rangers vs 1 for EDMONTON Oilers .
Shots for this period are 16 for NEW YORK Rangers vs 9 for EDMONTON Oilers .

2nd period


0:01 of 2nd period - Anthony Cirelli wins face-off versus Ryan Strome in neutral zone.
0:13 of 2nd period - Off-side.
0:14 of 2nd period - Anthony Cirelli wins face-off versus Nolan Patrick in neutral zone.
0:23 of 2nd period - Shot by Nikolaj Ehlers.
0:23 of 2nd period - Deflect By Anthony Cirelli.
0:23 of 2nd period - Shot Misses the Net.
0:54 of 2nd period - Minor Penalty to Ryan Strome for Holding.
0:55 of 2nd period - Taylor Hall wins face-off versus Nico Hischier in NEW YORK Rangers zone.
1:50 of 2nd period - Logan Couture is hit by Mitch Marner and loses puck.
2:12 of 2nd period - Jon Merrill is hit by Clayton Keller and loses puck.
2:27 of 2nd period - Shot by Tony DeAngelo.
2:27 of 2nd period - Shot Misses the Net.
2:29 of 2nd period - Shot by Ryan O'Reilly.
2:29 of 2nd period - Shot Misses the Net.
2:31 of 2nd period - Shot by Roman Josi .
2:31 of 2nd period - Goal by Roman Josi - NEW YORK Rangers : 1 - EDMONTON Oilers : 2.
2:32 of 2nd period - Dylan Strome wins face-off versus Ty Dellandrea in neutral zone.
3:16 of 2nd period - Icing by Cody Goloubef.
3:17 of 2nd period - Ty Dellandrea wins face-off versus Nico Hischier in NEW YORK Rangers zone.
4:19 of 2nd period - Shot by Jack Quinn.
4:19 of 2nd period - Shot Misses the Net.
4:23 of 2nd period - Shot by Jack Quinn.
4:23 of 2nd period - Stopped by Semyon Varlamov without a rebound.
4:24 of 2nd period - Anthony Cirelli wins face-off versus Nolan Patrick in NEW YORK Rangers zone.
4:33 of 2nd period - Shot by Anthony Cirelli.
4:33 of 2nd period - Shot Misses the Net.
4:38 of 2nd period - Off-side.
4:39 of 2nd period - Ryan Strome wins face-off versus Ryan O'Reilly in neutral zone.
5:08 of 2nd period - Shot by Travis Konecny.
5:08 of 2nd period - Deflect By Ryan Strome.
5:08 of 2nd period - Shot Hit the Post.
5:10 of 2nd period - Shot by Ryan Strome.
5:10 of 2nd period - Shot Misses the Net.
5:17 of 2nd period - Icing by Ryan O'Reilly.
5:18 of 2nd period - Ryan O'Reilly wins face-off versus Nolan Patrick in EDMONTON Oilers zone.
5:40 of 2nd period - Shot by Logan Couture.
5:40 of 2nd period - Shot Misses the Net.
5:42 of 2nd period - Shot by Logan Couture.
5:42 of 2nd period - Stopped by Juuse Saros with a rebound.
5:44 of 2nd period - Shot by Zach Hyman.
5:44 of 2nd period - Stopped by Juuse Saros without a rebound.
5:45 of 2nd period - Kieffer Bellows wins face-off versus Nico Hischier in EDMONTON Oilers zone.
5:50 of 2nd period - Shot by Jesse Puljujarvi.
5:50 of 2nd period - Shot Misses the Net.
6:20 of 2nd period - Shot by Tony DeAngelo.
6:20 of 2nd period - Stopped by Semyon Varlamov without a rebound.
6:21 of 2nd period - Anthony Cirelli wins face-off versus Logan Couture in NEW YORK Rangers zone.
6:22 of 2nd period - Shot by Arthur Kaliyev.
6:22 of 2nd period - Stopped by Semyon Varlamov with a rebound.
6:29 of 2nd period - Icing by Jakob Chychrun.
6:30 of 2nd period - Anthony Cirelli wins face-off versus Nolan Patrick in NEW YORK Rangers zone.
6:35 of 2nd period - Shot by Arthur Kaliyev.
6:35 of 2nd period - Deflect By Dylan Strome.
6:35 of 2nd period - Stopped by Semyon Varlamov without a rebound.
6:36 of 2nd period - Nico Hischier wins face-off versus Ryan Strome in NEW YORK Rangers zone.
7:12 of 2nd period - Minor Penalty to Roman Josi for Holding.
7:13 of 2nd period - Nolan Patrick wins face-off versus Anthony Cirelli in EDMONTON Oilers zone.
8:15 of 2nd period - Shot by Taylor Hall.
8:15 of 2nd period - Stopped by Juuse Saros with a rebound.
8:17 of 2nd period - Shot by Torey Krug.
8:17 of 2nd period - Stopped by Juuse Saros without a rebound.
8:18 of 2nd period - Nico Hischier wins face-off versus Ryan Strome in EDMONTON Oilers zone.
8:42 of 2nd period - Shot by Jakob Chychrun.
8:42 of 2nd period - Stopped by Juuse Saros without a rebound.
8:43 of 2nd period - Nolan Patrick wins face-off versus Anthony Cirelli in EDMONTON Oilers zone.
9:00 of 2nd period - Shot by Logan Couture.
9:00 of 2nd period - Stopped by Juuse Saros without a rebound.
9:01 of 2nd period - Ryan Strome wins face-off versus Nico Hischier in EDMONTON Oilers zone.
9:02 of 2nd period - Shot by Torey Krug.
9:02 of 2nd period - Shot Blocked by Nico Hischier.
9:11 of 2nd period - Icing by Taylor Hall.
9:12 of 2nd period - Nico Hischier wins face-off versus Trevor Moore in NEW YORK Rangers zone.
9:12 of 2nd period - Nico Hischier is hit by Logan Stanley.
9:15 of 2nd period - Major Penalty to Logan Stanley for Boarding.
9:16 of 2nd period - Nico Hischier wins face-off versus Taylor Hall in NEW YORK Rangers zone.
9:19 of 2nd period - Shot by Mitch Marner.
9:19 of 2nd period - Stopped by Semyon Varlamov with a rebound.
9:21 of 2nd period - Shot by Nico Hischier.
9:21 of 2nd period - Stopped by Semyon Varlamov with a rebound.
9:23 of 2nd period - Shot by Oliver Ekman-Larsson.
9:23 of 2nd period - Stopped by Semyon Varlamov without a rebound.
9:24 of 2nd period - Taylor Hall wins face-off versus Ryan O'Reilly in NEW YORK Rangers zone.
9:30 of 2nd period - Icing by Roman Josi .
9:31 of 2nd period - Taylor Hall wins face-off versus Ryan O'Reilly in EDMONTON Oilers zone.
9:35 of 2nd period - Icing by Roman Josi .
9:36 of 2nd period - Ryan O'Reilly wins face-off versus Taylor Hall in EDMONTON Oilers zone.
10:02 of 2nd period - Icing by Nikolaj Ehlers.
10:03 of 2nd period - Taylor Hall wins face-off versus Ryan O'Reilly in EDMONTON Oilers zone.
11:39 of 2nd period - Shot by Tony DeAngelo.
11:39 of 2nd period - Shot Misses the Net.
11:41 of 2nd period - Shot by Ryan O'Reilly.
11:41 of 2nd period - Shot Blocked by Torey Krug.
12:22 of 2nd period - Shot by Nico Hischier.
12:22 of 2nd period - Shot Blocked by Jon Merrill.
12:24 of 2nd period - Shot by Mitch Marner.
12:24 of 2nd period - Shot Misses the Net.
13:39 of 2nd period - Shot by Tyler Ennis.
13:39 of 2nd period - Shot Misses the Net.
13:48 of 2nd period - Ryan Strome is hit by Alexander Romanov and loses puck.
15:45 of 2nd period - Icing by Zach Hyman.
15:46 of 2nd period - Nolan Patrick wins face-off versus Anthony Cirelli in NEW YORK Rangers zone.
15:46 of 2nd period - Logan Couture is hit by Arthur Kaliyev and loses puck.
16:20 of 2nd period - Taylor Hall is hit by Rasmus Sandin.
16:22 of 2nd period - Shot by Travis Konecny.
16:22 of 2nd period - Shot Hit the Post.
16:24 of 2nd period - Shot by Taylor Hall.
16:24 of 2nd period - Shot Blocked by Anthony Cirelli.
16:48 of 2nd period - Icing by Arthur Kaliyev.
16:49 of 2nd period - Dylan Strome wins face-off versus Ty Dellandrea in EDMONTON Oilers zone.
16:51 of 2nd period - Icing by Anthony Cirelli.
16:52 of 2nd period - Nolan Patrick wins face-off versus Anthony Cirelli in EDMONTON Oilers zone.
16:56 of 2nd period - Minor Penalty to Alexander Romanov for Hooking.
16:57 of 2nd period - Nolan Patrick wins face-off versus Anthony Cirelli in EDMONTON Oilers zone.
17:02 of 2nd period - Shot by Torey Krug.
17:02 of 2nd period - Shot Misses the Net.
17:04 of 2nd period - Shot by Nolan Patrick.
17:04 of 2nd period - Stopped by Juuse Saros without a rebound.
17:05 of 2nd period - Anthony Cirelli wins face-off versus Ryan Strome in EDMONTON Oilers zone.
17:20 of 2nd period - Shot by Jon Merrill.
17:20 of 2nd period - Stopped by Juuse Saros without a rebound.
17:21 of 2nd period - Anthony Cirelli wins face-off versus Nolan Patrick in EDMONTON Oilers zone.
17:21 of 2nd period - Roman Josi is hit by Logan Couture and loses puck.
17:26 of 2nd period - Shot by Torey Krug.
17:26 of 2nd period - Shot Misses the Net.
17:28 of 2nd period - Shot by Logan Couture.
17:28 of 2nd period - Shot Misses the Net.
17:30 of 2nd period - Shot by Jakob Chychrun.
17:30 of 2nd period - Shot Blocked by Tony DeAngelo.
17:32 of 2nd period - Shot by Torey Krug.
17:32 of 2nd period - Stopped by Juuse Saros with a rebound.
17:34 of 2nd period - Shot by Zach Hyman.
17:34 of 2nd period - Stopped by Juuse Saros without a rebound.
17:35 of 2nd period - Anthony Cirelli wins face-off versus Ryan Strome in EDMONTON Oilers zone.
18:01 of 2nd period - Shot by Taylor Hall.
18:01 of 2nd period - Shot Blocked by Tony DeAngelo.
18:59 of 2nd period - Shot by Trevor Moore.
18:59 of 2nd period - Stopped by Juuse Saros without a rebound.
19:00 of 2nd period - Trevor Moore wins face-off versus Mackenzie Entwistle in EDMONTON Oilers zone.
19:12 of 2nd period - Icing by Alexander Romanov.
19:13 of 2nd period - Ty Dellandrea wins face-off versus Casey Cizikas in EDMONTON Oilers zone.
19:18 of 2nd period - Shot by Tyler Ennis.
19:18 of 2nd period - Shot Misses the Net.
19:20 of 2nd period - Shot by Vasili Podkolzin.
19:20 of 2nd period - Shot Misses the Net.
19:22 of 2nd period - Shot by Jakob Chychrun.
19:22 of 2nd period - Shot Misses the Net.
19:24 of 2nd period - Shot by Vasili Podkolzin.
19:24 of 2nd period - Shot Blocked by Casey Cizikas.
19:26 of 2nd period - Shot by Tyler Ennis.
19:26 of 2nd period - Shot Blocked by Rasmus Sandin.
19:28 of 2nd period - Shot by Vasili Podkolzin.
19:28 of 2nd period - Stopped by Juuse Saros without a rebound.
19:29 of 2nd period - Ryan O'Reilly wins face-off versus Ryan Strome in EDMONTON Oilers zone.
Goals for this period are 0 for NEW YORK Rangers vs 1 for EDMONTON Oilers .
Shots for this period are 12 for NEW YORK Rangers vs 8 for EDMONTON Oilers .

3rd period


0:01 of 3rd period - Ryan O'Reilly wins face-off versus Nolan Patrick in neutral zone.
0:03 of 3rd period - Oliver Ekman-Larsson is hit by Nolan Patrick and loses puck.
1:12 of 3rd period - Icing by Jon Merrill.
1:13 of 3rd period - Nico Hischier wins face-off versus Ryan Strome in NEW YORK Rangers zone.
1:14 of 3rd period - Shot by Mitch Marner.
1:14 of 3rd period - Shot Misses the Net.
1:30 of 3rd period - Shot by Ryan Strome.
1:30 of 3rd period - Stopped by Juuse Saros without a rebound.
1:31 of 3rd period - Anthony Cirelli wins face-off versus Trevor Moore in EDMONTON Oilers zone.
1:31 of 3rd period - Dylan Strome is hit by Jesse Puljujarvi.
1:35 of 3rd period - Shot by Arthur Kaliyev.
1:35 of 3rd period - Shot Misses the Net.
2:15 of 3rd period - Rasmus Sandin is hit by Logan Stanley and loses puck.
2:32 of 3rd period - Icing by Roman Josi .
2:33 of 3rd period - Logan Couture wins face-off versus Nico Hischier in EDMONTON Oilers zone.
2:50 of 3rd period - Shot by Logan Couture.
2:50 of 3rd period - Shot Misses the Net.
2:52 of 3rd period - Shot by Torey Krug.
2:52 of 3rd period - Shot Misses the Net.
2:54 of 3rd period - Shot by Torey Krug.
2:54 of 3rd period - Stopped by Juuse Saros without a rebound.
2:55 of 3rd period - Travis Konecny wins face-off versus Ryan O'Reilly in EDMONTON Oilers zone.
3:32 of 3rd period - Ryan Strome is hit by Jack Quinn and loses puck.
4:05 of 3rd period - Shot by Zach Hyman.
4:05 of 3rd period - Shot Blocked by Roman Josi .
4:07 of 3rd period - Shot by Zach Hyman.
4:07 of 3rd period - Stopped by Juuse Saros without a rebound.
4:08 of 3rd period - Casey Cizikas wins face-off versus Jesse Puljujarvi in EDMONTON Oilers zone.
4:16 of 3rd period - Roman Josi is hit by Logan Stanley and loses puck.
5:11 of 3rd period - Off-side.
5:12 of 3rd period - Ryan Strome wins face-off versus Nico Hischier in neutral zone.
5:12 of 3rd period - Ryan Strome is hit by Mitch Marner.
5:20 of 3rd period - Shot by Ryan Strome.
5:20 of 3rd period - Deflect By Travis Konecny.
5:20 of 3rd period - Shot Misses the Net.
5:57 of 3rd period - Shot by Clayton Keller.
5:57 of 3rd period - Shot Misses the Net.
7:21 of 3rd period - Shot by Kieffer Bellows.
7:21 of 3rd period - Stopped by Juuse Saros without a rebound.
7:22 of 3rd period - Tyler Ennis wins face-off versus Nico Hischier in EDMONTON Oilers zone.
7:40 of 3rd period - Tony DeAngelo is hit by Cody Goloubef and loses puck.
8:58 of 3rd period - Shot by Ryan Strome.
8:58 of 3rd period - Stopped by Juuse Saros with a rebound.
9:20 of 3rd period - Icing by Rasmus Sandin.
9:21 of 3rd period - Nolan Patrick wins face-off versus Dylan Strome in EDMONTON Oilers zone.
9:46 of 3rd period - Shot by Nolan Patrick.
9:46 of 3rd period - Shot Misses the Net.
9:48 of 3rd period - Shot by Nolan Patrick.
9:48 of 3rd period - Shot Misses the Net.
9:50 of 3rd period - Shot by Jon Merrill.
9:50 of 3rd period - Shot Misses the Net.
10:02 of 3rd period - Shot by Nolan Patrick.
10:02 of 3rd period - Shot Blocked by Alexander Romanov.
10:04 of 3rd period - Shot by Nolan Patrick.
10:04 of 3rd period - Shot Misses the Net.
10:13 of 3rd period - Off-side.
10:14 of 3rd period - Ryan Strome wins face-off versus Ryan O'Reilly in neutral zone.
10:28 of 3rd period - Oliver Ekman-Larsson is hit by Torey Krug and loses puck.
10:41 of 3rd period - Travis Konecny is hit by Jack Quinn and loses puck.
10:56 of 3rd period - Shot by Ryan O'Reilly.
10:56 of 3rd period - Stopped by Semyon Varlamov without a rebound.
10:57 of 3rd period - Trevor Moore wins face-off versus Nico Hischier in NEW YORK Rangers zone.
11:15 of 3rd period - Tony DeAngelo is hit by Cody Goloubef and loses puck.
12:10 of 3rd period - Shot by Nolan Patrick.
12:10 of 3rd period - Stopped by Juuse Saros without a rebound.
12:11 of 3rd period - Ryan Strome wins face-off versus Ryan O'Reilly in EDMONTON Oilers zone.
12:39 of 3rd period - Off-side.
12:40 of 3rd period - Nolan Patrick wins face-off versus Anthony Cirelli in neutral zone.
12:40 of 3rd period - John Moore is hit by Anthony Cirelli and loses puck.
13:00 of 3rd period - Nolan Patrick is hit by Oliver Ekman-Larsson and loses puck.
14:00 of 3rd period - Off-side.
14:01 of 3rd period - Trevor Moore wins face-off versus Ryan O'Reilly in neutral zone.
14:40 of 3rd period - Shot by Jesse Puljujarvi.
14:40 of 3rd period - Shot Misses the Net.
15:15 of 3rd period - Shot by Clayton Keller.
15:15 of 3rd period - Stopped by Semyon Varlamov without a rebound.
15:16 of 3rd period - Casey Cizikas wins face-off versus Nolan Patrick in NEW YORK Rangers zone.
15:30 of 3rd period - Icing by Jonas Siegenthaler.
15:31 of 3rd period - Ryan Strome wins face-off versus Casey Cizikas in EDMONTON Oilers zone.
16:04 of 3rd period - Oliver Ekman-Larsson is hit by Travis Konecny and loses puck.
16:12 of 3rd period - Icing by John Moore.
16:13 of 3rd period - Ryan Strome wins face-off versus Mitch Marner in NEW YORK Rangers zone.
16:13 of 3rd period - Ryan Strome is hit by Clayton Keller.
17:42 of 3rd period - Mitch Marner is hit by Ty Dellandrea and loses puck.
18:01 of 3rd period - Logan Stanley is hit by Nico Hischier and loses puck.
18:21 of 3rd period - Off-side.
18:22 of 3rd period - Ryan O'Reilly wins face-off versus Ryan Strome in neutral zone.
18:36 of 3rd period - Shot by Ryan O'Reilly.
18:36 of 3rd period - Stopped by Semyon Varlamov without a rebound.
18:37 of 3rd period - Nolan Patrick wins face-off versus Dylan Strome in NEW YORK Rangers zone.
19:05 of 3rd period - NEW YORK Rangers, Semyon Varlamov is pulled from the net.
Goals for this period are 0 for NEW YORK Rangers vs 0 for EDMONTON Oilers .
Shots for this period are 6 for NEW YORK Rangers vs 3 for EDMONTON Oilers .